Map: Ruins of Endion

Players

AnnaKendrick - Winner!

  • Race: Terran Terran
  • League: Master

Miszu

  • Race: Zerg Zerg
  • League: Master

VOD

Have the link to the VOD?

Description

Time

  • Played on: June 25, 2016, 1:25 p.m.
  • Length: 15:35
Show
View Real Time Build Order
Export as new Build Order

AnnaKendrick Terran - Winner!

Build Orders: Reaper Expand, MMM Bio 

Get SALT Encoding   

  12  0:01  SCV  
  13  0:13  SCV  
  14  0:18  Supply Depot  
  14  0:25  SCV  
  15  0:40  SCV  
  15  0:41  Barracks  
  16  0:45  Refinery  
  16  0:52  SCV  
  17  1:04  SCV  
  18  1:16  SCV  
  19  1:30  Orbital Command  
  19  1:31  Reaper  
  20  1:39  Bunker  
  20  1:52  Command Center  
  20  1:56  SCV  
  21  2:03  Supply Depot  
  21  2:05  Barracks Reactor  
  21  2:08  SCV  
  22  2:20  Barracks  
  22  2:23  SCV  
  23  2:35  SCV  
  23  2:36  Factory  
  24  2:39  Refinery  
  24  2:42  Marine x2  
  26  2:49  SCV  
  27  3:00  Marine x2  
  27  3:01  SCV  
  30  3:06  Orbital Command  
  30  3:18  SCV  
  31  3:20  Marine x2  
  31  3:21  Barracks Tech Lab  
  33  3:30  SCV  
  33  3:32  SCV  
  35  3:39  Starport, Factory Reactor  
  35  3:42  Stimpack, SCV  
  35  3:43  Marine x3  
  35  3:44  SCV  
  40  3:51  Supply Depot  
  39  3:59  SCV x2  
  39  4:00  Marine  
  39  4:01  Marine  
  43  4:10  Marine  
  43  4:11  SCV x2  
  43  4:13  Supply Depot  
  46  4:18  Marine  
  46  4:21  Marine  
  46  4:23  Medivac x2, SCV  
  53  4:24  SCV  
  54  4:35  Supply Depot x2, Marine  
  54  4:36  SCV  
  54  4:38  SCV  
  57  4:40  Engineering Bay  
  57  4:45  Liberator  
  57  4:48  SCV  
  57  4:49  Marine x2  
  57  4:50  SCV  
  61  4:52  Marine  
  61  4:56  Widow Mine  
  64  5:00  SCV  
  64  5:02  SCV  
  64  5:06  Supply Depot  
  64  5:07  Terran Infantry Weapons Level 1  
  69  5:12  Refinery, SCV  
  70  5:14  SCV  
  71  5:22  Command Center  
  71  5:23  Refinery  
  71  5:24  Refinery  
  67  5:40  Medivac  
  69  5:43  Combat Shields  
  69  5:46  SCV x2  
  71  5:50  Supply Depot, Barracks x2  
  71  5:53  Supply Depot  
  71  5:55  Supply Depot  
  71  5:57  Engineering Bay  
  71  5:58  SCV x2  
  73  6:10  SCV x2  
  73  6:14  Medivac x2  
  73  6:15  Marine x3  
  78  6:22  SCV x2  
  76  6:33  Marine x3  
  76  6:34  SCV x2  
  80  6:42  Orbital Command  
  80  6:46  Barracks Tech Lab, SCV x2  
  80  6:47  Barracks Tech Lab  
  79  6:51  Marine  
  79  6:52  Barracks  
  79  6:53  Barracks  
  80  6:54  Terran Infantry Armor Level 1  
  80  6:56  Armory  
  80  6:58  SCV x2  
  79  7:07  Marine  
  79  7:08  Marauder x3, Liberator x2  
  85  7:10  SCV x2  
  85  7:12  Marine  
  85  7:13  Concussive Shells  
  86  7:15  SCV  
  90  7:22  SCV  
  90  7:23  SCV  
  90  7:25  Marine  
  90  7:28  Marine, SCV  
  90  7:29  Marine x2  
  100  7:30  Marine  
  100  7:35  SCV x2, Factory Reactor  
  103  7:39  Supply Depot x2  
  103  7:40  SCV  
  103  7:41  Supply Depot  
  103  7:42  Marine  
  105  7:46  Marine  
  105  7:47  Marine, Marauder x2, SCV  
  105  7:51  Barracks Tech Lab x2  
  109  7:59  SCV x3  
  109  8:00  Marine  
  109  8:03  Terran Infantry Weapons Level 2  
  109  8:05  Marine, Marauder  
  115  8:08  Supply Depot, Marine, Marauder  
  115  8:10  Marauder x2  
  121  8:18  Marine  
  115  8:23  Marine  
  115  8:26  Marauder x2  
  104  8:30  Marauder  
  104  8:31  Marine, Marauder  
  105  8:36  Marine  
  105  8:41  Marine  
  104  8:47  Marauder, SCV x2  
  104  8:48  Marine, Marauder  
  106  8:51  Marauder  
  106  8:52  Marine  
  106  8:54  Marine  
  109  8:59  Marine  
  109  9:00  Medivac  
  109  9:01  Medivac  
  108  9:07  Marauder  
  108  9:09  Marauder x2  
  111  9:11  Marine, Marauder  
  111  9:12  Marauder  
  111  9:15  Supply Depot  
  111  9:17  Marine, Orbital Command  
  99  9:28  Marine  
  99  9:29  Marine  
  99  9:30  Marine, Medivac, Marauder  
  99  9:31  Marine, Medivac  
  102  9:33  Marine  
  102  9:34  Marine  
  102  9:42  Bunker  
  102  9:46  Marauder  
  102  9:47  Marine  
  102  9:48  Marauder  
  102  9:49  Terran Infantry Armor Level 2, Marine  
  102  9:51  Marine, Marauder  
  102  9:52  Marine  
  112  10:00  Refinery  
  112  10:04  Refinery  
  112  10:05  Marine  
  113  10:08  Marauder  
  113  10:09  Marauder  
  113  10:10  Marine, Marauder  
  113  10:12  Marine  
  113  10:13  Command Center  
  121  10:15  Marine  
  121  10:20  Sensor Tower  
  122  10:23  Marine  
  122  10:25  Terran Infantry Weapons Level 3  
  122  10:26  SCV x2  
  125  10:29  Marauder, Liberator x2  
  125  10:31  Marauder x2  
  131  10:36  Supply Depot, Marine, Marauder  
  131  10:37  Supply Depot, Marine  
  131  10:38  Supply Depot  
  141  10:50  Marauder  
  141  10:55  Supply Depot  
  143  11:06  Marauder x2  
  143  11:07  Marine x2, Marauder  
  151  11:12  Liberator x2  
  151  11:14  Marauder  
  151  11:15  Terran Ship Weapons Level 1  
  153  11:30  Marine x2  
  153  11:31  Marauder x2  
  164  11:37  Command Center  
  162  11:48  Refinery  
  162  11:49  Starport x2  
  162  11:51  Widow Mine x2  
  162  11:52  Marine x3  
  162  11:53  Marine, Marauder x2, Refinery  
  174  11:58  Liberator x2  
  174  12:12  Starport  
  174  12:15  Fusion Core  
  180  12:20  Marine x2  
  155  12:37  Marine x3  
  155  12:39  Marine x4  
  155  12:40  Liberator  
  161  12:45  Starport Reactor, Starport Tech Lab  
  152  12:55  Marine x3, Terran Infantry Armor Level 3  
  152  12:56  Liberator x2  
  152  12:57  Marine x4, Planetary Fortress  
  150  13:12  Advanced Ballistics  
  150  13:13  Marine x2  
  150  13:16  Marine x3  
  155  13:29  Medivac x2  
  155  13:32  Liberator  
  159  13:39  Liberator x2  
  159  13:55  Liberator  
  159  13:57  Marine x2, Marauder x2  
  159  13:58  Barracks Tech Lab  
  173  14:17  Liberator x2  
  173  14:22  Liberator  
  151  14:37  Marine x6  
  151  14:38  Marauder  
  161  14:55  Marine x2  
  161  14:56  Marauder x4  
  161  14:58  Marine  
  175  15:12  Marine  
  175  15:13  Marine  
Show
View Real Time Build Order
Export as new Build Order

Miszu Zerg 

Build Orders: Hatch First 

Get SALT Encoding   

  12  0:01  Drone  
  13  0:09  Drone  
  14  0:18  Overlord  
  14  0:23  Extractor  
  14  0:24  Drone  
  15  0:36  Drone x2  
  17  0:52  Hatchery  
  17  0:55  Drone  
  17  0:58  Extractor  
  17  1:00  Drone  
  17  1:13  Spawning Pool  
  17  1:16  Drone  
  17  1:21  Drone  
  18  1:27  Drone  
  19  1:37  Drone  
  20  1:49  Overlord  
  20  2:00  Queen  
  22  2:03  Queen  
  24  2:09  Spine Crawler  
  24  2:10  Zergling x4  
  24  2:14  Metabolic Boost  
  25  2:19  Drone  
  25  2:22  Drone  
  27  2:25  Drone  
  27  2:28  Drone  
  29  2:38  Drone x2  
  31  2:50  Drone x2  
  33  3:01  Drone x2  
  33  3:02  Pneumatized Carapace  
  35  3:07  Overlord  
  35  3:10  Drone  
  36  3:20  Overlord  
  36  3:21  Overlord  
  36  3:25  Queen  
  38  3:43  Drone x5  
  38  3:45  Hatchery  
  42  3:53  Drone x5  
  47  3:57  Drone  
  48  4:06  Overlord  
  48  4:07  Overlord  
  48  4:18  Extractor  
  48  4:20  Roach Warren  
  48  4:23  Extractor x2  
  44  4:25  Drone x5, Evolution Chamber  
  44  4:27  Evolution Chamber  
  44  4:31  Overlord  
  47  4:45  Drone x3  
  50  4:47  Overlord  
  50  4:52  Zerg Missile Weapons Level 1  
  50  4:53  Zerg Ground Armor Level 1  
  50  5:01  Lair  
  50  5:03  Roach  
  50  5:04  Roach x2  
  56  5:08  Roach  
  56  5:09  Roach  
  56  5:11  Roach  
  62  5:17  Roach x2  
  62  5:19  Roach  
  68  5:30  Roach  
  68  5:31  Roach x3  
  68  5:35  Roach  
  71  5:36  Roach  
  71  5:39  Roach  
  75  5:43  Roach x2  
  79  5:53  Roach x3  
  79  5:54  Overlord  
  85  5:59  Glial Reconstitution  
  85  6:02  Roach  
  87  6:06  Overseer  
  87  6:12  Drone x2  
  87  6:30  Spore Crawler  
  84  6:32  Ravager  
  84  6:33  Ravager x4  
  88  6:46  Drone x3  
  91  6:47  Overlord x3  
  91  6:49  Roach x3  
  97  7:03  Queen  
  93  7:17  Drone x6, Spore Crawler  
  93  7:19  Drone  
  99  7:28  Roach  
  99  7:29  Roach x2  
  103  7:59  Roach  
  103  8:00  Roach x8  
  121  8:25  Roach x5  
  118  8:32  Roach x3  
  117  8:47  Roach x6  
  101  9:05  Roach x5  
  109  9:16  Roach x3  
  101  9:28  Roach x3  
  97  9:35  Roach  
  97  9:36  Roach  
  97  9:37  Roach  
  91  9:45  Infestation Pit  
  90  9:53  Ravager x5  
  90  9:56  Extractor, Drone x5  
  90  9:57  Extractor  
  98  10:07  Drone x4  
  98  10:14  Drone x3  
  105  10:17  Drone x2  
  105  10:18  Drone x3  
  110  10:22  Overlord  
  110  10:26  Overlord  
  110  10:31  Pathogen Glands  
  110  10:46  Overlord  
  110  10:57  Infestor x3  
  110  10:58  Infestor  
  110  11:02  Roach x4  
  126  11:04  Overlord  
  126  11:11  Hatchery  
  125  11:23  Extractor  
  125  11:24  Zerg Missile Weapons Level 2  
  124  11:28  Extractor  
  124  11:30  Zerg Ground Armor Level 2  
  124  11:31  Roach  
  124  11:32  Roach  
  125  11:35  Roach x2  
  125  11:39  Overlord x3  
  129  11:40  Overlord  
  129  11:46  Roach  
  137  11:47  Roach x4  
  139  11:59  Ravager  
  139  12:00  Ravager x2  
  133  12:35  Roach x7  
  133  12:36  Roach x14  
  161  12:54  Infestation Pit  
  154  13:08  Queen  
  154  13:10  Roach x2  
  154  13:11  Roach  
  162  13:17  Hatchery  
  159  13:26  Hatchery  
  158  13:29  Ravager x6  
  158  13:30  Ravager  
  158  13:33  Roach  
  158  13:34  Roach  
  169  13:35  Zergling x12  
  175  13:54  Infestor x2  
  176  14:12  Roach  
  176  14:13  Roach x2  
  177  14:20  Roach x2  
  177  14:23  Infestor  
  177  14:37  Infestor x2  
  173  14:39  Roach  
  173  14:43  Drone x6  
  173  14:44  Drone x4  
  184  14:56  Overlord x2  
  184  15:13  Hatchery  
Tags
 
Add a new tag
Caveats
  • Supply blocks, unpowered buildings, or Contaminate may cause inaccurate times.
  • Supply counts are checked every 10 seconds.